 Dungeon Crawl Stone Soup version 0.30-a0-782-ge64f9170bb (webtiles) character file.

Game seed: 895256208179893036

81 Barriton the Ruffian (level 4, 0/35 HPs)
             Began as a Draconian Transmuter on Mar 10, 2023.
             Was an Initiate of Sif Muna.
             Slain by Crazy Yiuf
             ... wielding a +2 quarterstaff of chaos
              (5 damage)
             ... on level 2 of the Dungeon.
             The game lasted 00:03:06 (1866 turns).

Barriton the Ruffian (Draconian Transmuter)         Turns: 1866, Time: 00:03:06

Health: 0/35       AC:  5    Str: 15    XL:     4   Next: 20%
Magic:  2/7        EV: 12    Int: 13    God:    Sif Muna [......]
Gold:   66         SH:  0    Dex: 11    Spells: 5/8 levels left

rFire   + . .      SeeInvis .      - Unarmed
rCold   x . .      Faith    .    (no shield)
rNeg    . . .      Spirit   .    (body armour unavailable)
rPois   .          Reflect  .    (helmet restricted)
rElec   .          Harm     .    (no cloak)
rCorr   .          Rampage  .    (no gloves)
Will    .....                    (no boots)
Stlth   +                        (no amulet)
HPRegen 0.25/turn                d - ring of fire
MPRegen 0.10/turn                (no ring)

@: wereblooded
A: AC +5, unfitting armour, cold-blooded
a: Renounce Religion


You were on level 2 of the Dungeon.
You worshipped Sif Muna.
Sif Muna was noncommittal.
You visited 1 branch of the dungeon, and saw 2 of its levels.

You collected 66 gold pieces.

Inventory:

Jewellery
 d - a ring of fire (left hand)
Scrolls
 c - a scroll of teleportation {unknown}
 g - 2 scrolls of acquirement {unknown}
Potions
 a - a potion of lignification
 b - a potion of heal wounds {unknown}
 e - 3 potions of flight {unknown}
 f - a potion of attraction


   Skills:
 + Level 1.2 Fighting
 + Level 2.1 Dodging
 + Level 0.1 Stealth
 + Level 4.3 Unarmed Combat
 + Level 2.5 Spellcasting
 + Level 2.3 Transmutations


You had 5 spell levels left.
You knew the following spells:

 Your Spells              Type           Power      Damage    Failure   Level
a - Beastly Appendage     Tmut           14%        N/A       10%         1
b - Wereblood             Tmut           7%         N/A       14%         2

Your spell library contained the following spells:

 Spells                   Type           Power      Damage    Failure   Level
 Spider Form              Tmut/Pois      4%         N/A       41%         3
 Ice Form                 Ice/Tmut       4%         N/A       83%         4


Dungeon Overview and Level Annotations

Branches:
Dungeon (2/15)

Altars:
Sif Muna

Annotations:
D:2 Crazy Yiuf


Innate Abilities, Weirdness & Mutations

Your plain brown scales are hard. (AC +5)
You cannot fit into any form of body armour.
You are cold-blooded and may be slowed by cold attacks.


Message History

You tail-slap Crazy Yiuf, but do no damage.
Crazy Yiuf is heavily wounded.
Crazy Yiuf drinks a potion.
Crazy Yiuf is healed!
You closely miss Crazy Yiuf. Crazy Yiuf closely misses you.
You hit Crazy Yiuf. Your kick misses Crazy Yiuf.
Your headbutt misses Crazy Yiuf. You punch Crazy Yiuf, but do no damage.
Crazy Yiuf is moderately wounded.
Crazy Yiuf screams, "Earwax pizzabubble green!"
Crazy Yiuf hits you with a +2 quarterstaff of chaos.
You feel your power leaking away.
You hit Crazy Yiuf. You claw Crazy Yiuf.
Your tail-slap misses Crazy Yiuf.
Crazy Yiuf is heavily wounded.
Crazy Yiuf whimpers, "Action cloud eyeball!"
Crazy Yiuf barely misses you.
You barely miss Crazy Yiuf. Your kick misses Crazy Yiuf.
You tail-slap Crazy Yiuf, but do no damage.
Crazy Yiuf is heavily wounded.
Crazy Yiuf barely misses you.
You barely miss Crazy Yiuf. You claw Crazy Yiuf, but do no damage.
Your headbutt misses Crazy Yiuf. Your punch misses Crazy Yiuf.
Crazy Yiuf is heavily wounded.
Crazy Yiuf hits you with a +2 quarterstaff of chaos!
You resist with some effort.
You hit Crazy Yiuf. Your kick misses Crazy Yiuf.
Crazy Yiuf is severely wounded.
Crazy Yiuf hits you with a +2 quarterstaff of chaos!
* * * LOW HITPOINT WARNING * * *
Crazy Yiuf burns you.
* * * LOW HITPOINT WARNING * * *
You barely miss Crazy Yiuf.
Crazy Yiuf is severely wounded.
You barely miss Crazy Yiuf.
Crazy Yiuf is severely wounded.
Crazy Yiuf barely misses you.
You hit Crazy Yiuf.
Crazy Yiuf is severely wounded.
Your horns disappear.
Your talons disappear.
Crazy Yiuf says, "Walk!"
Crazy Yiuf hits you with a +2 quarterstaff of chaos.
You die...

# #....#####..##
#.##.... #
#....# #....#
#.##.... #
###### #....#
#.##.... #
##...# #.##....
# ##.##
#####.##.... #
##.#
#.....##.... #
#.##
#.....##.... #
##.#
#..........#
#@##
#.....###..# #g#
#####.# #... ...
####### #...
###########
#...#
#..######...
..........#
#)..#
##.##...#...
..........#
#####
#.##.#.#..#
....⌠.⌠.⌠.#
#.##.#.....
..........#
######......#...
......_...#
#....####.#.....


You could see Crazy Yiuf.

Vanquished Creatures
  An orc wizard (D:2)
  A gnoll (D:1)
  An adder (D:2)
  A dart slug (D:1)
  2 orcs (D:2)
  2 bats (D:2)
  2 endoplasms
  2 giant cockroaches
  4 goblins
  2 hobgoblins (D:1)
  A quokka (D:2)
  5 ball pythons
  5 frilled lizards
  5 kobolds
  4 rats (D:1)
38 creatures vanquished.

Notes
Turn   | Place    | Note
-------+----------+-------------------------------------------
     0 | D:1      | Barriton the Draconian Transmuter began the quest for the
                  | Orb.
     0 | D:1      | Reached XP level 1. HP: 16/16 MP: 3/3
   151 | D:1      | Reached XP level 2. HP: 23/23 MP: 3/5
   529 | D:2      | Reached XP level 3. HP: 28/28 MP: 4/6
   774 | D:2      | Found a runed translucent door.
   775 | D:2      | Noticed Crazy Yiuf
   825 | D:2      | Found a shimmering blue altar of Sif Muna.
   838 | D:2      | Became a worshipper of Sif Muna the Loreminder
   842 | D:2      | Learned a level 2 spell: Wereblood
   967 | D:2      | Reached skill level 4 in Unarmed Combat
   967 | D:2      | Reached XP level 4. HP: 12/35 MP: 4/7
  1257 | D:2      | Found a faded altar of an unknown god.
  1866 | D:2      | Slain by Crazy Yiuf

Illustrated notes

Levels and vault maps discovered:
D:1:      onia_arrival_mini_maze, layout_rooms
D:2:      layout_basic, basic_altar, hellmonk_ecumenical_altar_run_dry,
          uniq_crazy_yiuf_cottage

Skill      XL: |  1  2  3 |
---------------+----------+-----
Dodging        | 2 |  2.1
Unarmed Combat | 4 |  4.3
Fighting       | |  1.2
Stealth        | |  0.1
Spellcasting   | |  2.5
Transmutations | |  2.3

Action                     |  1- 3 |  4- 6 || total
---------------------------+-------+-------++-------
  Melee: Unarmed           |    62 |    27 ||    89
         Punch             |     2 |     2 ||     4
         Headbutt          |     9 |     2 ||    11
         Kick              |     8 |     4 ||    12
         Tailslap          |     1 |     4 ||     5
   Cast: Beastly Appendage |    19 |     8 ||    27
         Wereblood         |     1 |     1 ||     2
    Use: Scroll            |     3 |       ||     3
 Armour: Skin              |    12 |     5 ||    17
  Dodge: Dodged            |    25 |    14 ||    39

Table legend: (Time is in decaauts)
 A = Elapsed time spent in this place.
 B = Non-inter-level travel time spent in this place.
 C = Inter-level travel time spent in this place.
 D = Time resting spent in this place.
 E = Time spent auto-exploring this place.
 F = Levels seen in this place.
 G = Mean time per level.
                   A        B        C        D        E       F      G
               +--------+--------+--------+--------+--------+-----+--------+
         Total |   1858 |   1858 |      0 |      0 |   1595 |   2 |  929.0 |
       Dungeon |   1858 |   1858 |      0 |      0 |   1595 |   2 |  929.0 |
               +--------+--------+--------+--------+--------+-----+--------+

Top non-repeatable levels by time:
     D:2: 1336 daAuts
     D:1: 521 daAuts
